APP
CLEVELAND (APP) INDIANS @ BLUEFIELD BLUE JAYS
07/06/2046
 
TOP OF THE 1ST
Cleveland (APP) Indians batting - Pitching for Bluefield Blue Jays : LHP Mitchel Larson
Pitching: LHP Mitchel Larson
Batting: RHB Tsega Haida 0-0: Ball
1-0: Ball
2-0: Foul Ball, location: 2F
2-1: Foul Ball, location: 2F
2-2: Ground out 6-3 (Groundball, 6, EV 86.9 MPH)
Batting: RHB Jose Argueta 0-0: Called Strike
0-1: Ball
1-1: Ball
2-1: Ball
3-1: SINGLE (Groundball, 6MD, EV 108.1 MPH)
Batting: RHB Bill Ortiz 0-0: Ball
1-0: Foul Ball, location: 2F
1-1: Swinging Strike
Balk!
Jose Argueta to second
1-2: Foul Ball, location: 2F
1-2: Ball
2-2: Foul Ball, location: 2F
2-2: Ball
3-2: Strikes out swinging
Batting: RHB Nick Gossman 0-0: Called Strike
0-1: Swinging Strike
0-2: Strikes out swinging
Top of the 1st over - 0 runs, 1 hit, 0 errors, 1 left on base; Cleveland (APP) 0 - Bluefield 0
BOTTOM OF THE 1ST
Bluefield Blue Jays batting - Pitching for Cleveland (APP) Indians : RHP Jesus Montana
Pitching: RHP Jesus Montana
Batting: RHB Stephen Casteel 0-0: Ball
1-0: Ball
2-0: Ground out 4-3 (Groundball, 4, EV 81.9 MPH)
Batting: RHB Mike Johnson 0-0: Called Strike
0-1: Called Strike
0-2: SINGLE (Groundball, 6D, EV 105.0 MPH)
Batting: RHB Bill Murray 0-0: Ball
1-0: Ball
Mike Johnson is caught stealing 2nd base 2-4
2-0: Ball
3-0: Base on Balls
Batting: RHB Victor Ayala 0-0: Ball
Bill Murray steals 2nd, throwing error, E2
Bill Murray to third
1-0: Called Strike
1-1: Ball
2-1: Hit by Pitch
Batting: LHB Kurt Estep 0-0: Called Strike
0-1: Ground out 1-3 (Groundball, 34S, EV 67.5 MPH)
Bottom of the 1st over - 0 runs, 1 hit, 1 error, 2 left on base; Cleveland (APP) 0 - Bluefield 0
TOP OF THE 2ND
Cleveland (APP) Indians batting - Pitching for Bluefield Blue Jays : LHP Mitchel Larson
Batting: RHB Joe Shade 0-0: Swinging Strike
0-1: Ball
1-1: Foul Ball, location: 2F
1-2: Ball
2-2: Foul Ball, location: 2F
2-2: Ground out 5-3 (Groundball, 5, EV 83.1 MPH)
Batting: RHB Justin Teague 0-0: Called Strike
0-1: Called Strike
0-2: Ball
1-2: Strikes out swinging
Batting: RHB Kevin Trull 0-0: Ball
1-0: SINGLE (Groundball, 4MD, EV 105.0 MPH)
Batting: RHB Aaron Stout 0-0: Foul Ball, location: 2F
0-1: Swinging Strike
0-2: SINGLE (Groundball, 34, EV 100.0 MPH)
Kevin Trull to second
Runner from 2nd tries for 3rd, SAFE, throw by RF made to third
Batting: RHB Jonathan Livingston 0-0: Ball
Aaron Stout is caught stealing 2nd base 2-4
Top of the 2nd over - 0 runs, 2 hits, 0 errors, 1 left on base; Cleveland (APP) 0 - Bluefield 0
BOTTOM OF THE 2ND
Bluefield Blue Jays batting - Pitching for Cleveland (APP) Indians : RHP Jesus Montana
Batting: RHB John Hering 0-0: Fly out, F7 (Flyball, 7, EV 79.4 MPH)
Batting: SHB Dominik Hasek II 0-0: Swinging Strike
0-1: Ball
1-1: Ground out 6-3 (Groundball, 6, EV 110.6 MPH)
Batting: RHB Shunsuke Shiba Inu 0-0: Foul Ball, location: 2F
0-1: SINGLE (Groundball, 4MD, EV 108.8 MPH)
Batting: LHB Eric Toney 0-0: Hit by Pitch
Shunsuke Shiba Inu to second
Batting: RHB Stephen Casteel 0-0: Called Strike
0-1: Ball
1-1: Ball
2-1: Ball
3-1: Base on Balls
Shunsuke Shiba Inu to third
Eric Toney to second
Batting: RHB Mike Johnson 0-0: Ball
1-0: Called Strike
1-1: Ball
2-1: Ball
3-1: Called Strike
3-2: Foul Ball, location: 2F
3-2: Ground out 6-3 (Groundball, 6, EV 85.6 MPH)
Bottom of the 2nd over - 0 runs, 1 hit, 0 errors, 3 left on base; Cleveland (APP) 0 - Bluefield 0
TOP OF THE 3RD
Cleveland (APP) Indians batting - Pitching for Bluefield Blue Jays : LHP Mitchel Larson
Batting: RHB Jonathan Livingston 0-0: Called Strike
0-1: Swinging Strike
0-2: Ball
1-2: Ball
2-2: Ground out 5-3 (Groundball, 56S, EV 68.1 MPH)
Batting: RHB Tsega Haida 0-0: Swinging Strike
0-1: Ball
1-1: Called Strike
1-2: Strikes out looking
Batting: RHB Jose Argueta 0-0: Ball
1-0: Swinging Strike
1-1: Ball
2-1: SINGLE (Line Drive, 6D, EV 100.0 MPH)
Batting: RHB Bill Ortiz 0-0: SINGLE (Groundball, 6MD, EV 103.1 MPH)
Jose Argueta to second
Batting: RHB Nick Gossman 0-0: Foul Ball, location: 2F
0-1: Foul Ball, location: 2F
0-2: Ball
1-2: Foul Ball, location: 2F
1-2: TRIPLE (Flyball, 89XD, EV 87.5 MPH)
Jose Argueta scores
Bill Ortiz scores
Batting: RHB Joe Shade 0-0: Ball
1-0: Foul Ball, location: 2F
1-1: Foul Ball, location: 2F
1-2: Foul Ball, location: 2F
1-2: Foul Ball, location: 2F
1-2: Hit by Pitch
Batting: RHB Justin Teague 0-0: Foul Ball, location: 2F
0-1: Swinging Strike
0-2: Ball
1-2: Ball
2-2: Strikes out looking
Top of the 3rd over - 2 runs, 3 hits, 0 errors, 2 left on base; Cleveland (APP) 2 - Bluefield 0
BOTTOM OF THE 3RD
Bluefield Blue Jays batting - Pitching for Cleveland (APP) Indians : RHP Jesus Montana
Batting: RHB Bill Murray 0-0: Ball
1-0: Foul Ball, location: 2F
1-1: Ball
2-1: Foul Ball, location: 2F
2-2: Ball
3-2: Foul Ball, location: 2F
3-2: Fly out, F9 (Flyball, 9LMF, EV 87.5 MPH)
Batting: RHB Victor Ayala 0-0: Ball
1-0: Ball
2-0: Swinging Strike
2-1: Foul Ball, location: 2F
2-2: Foul Ball, location: 2F
2-2: Ball
3-2: Base on Balls
Batting: LHB Kurt Estep 0-0: Ball
1-0: Ball
2-0: Ball
3-0: Base on Balls
Victor Ayala to second
Batting: RHB John Hering 0-0: Ball
1-0: Ball
2-0: Foul Ball, location: 2F
2-1: Foul Ball, location: 2F
2-2: SINGLE (Line Drive, 6MD, EV 98.8 MPH)
Victor Ayala to third
Kurt Estep to second
Runner from 3rd tries for Home, throw by CF and OUT! 8-2
Batting: SHB Dominik Hasek II 0-0: Ball
1-0: Ball
2-0: Ball
3-0: Base on Balls
Kurt Estep to third
John Hering to second
Pitching: RHP Luke Burnham
Batting: RHB Shunsuke Shiba Inu 0-0: Ball
1-0: Foul Ball, location: 2F
1-1: Ball
2-1: Ball
3-1: Foul Ball, location: 2F
3-2: Fly out, F8 (Flyball, 8LD, EV 94.4 MPH)
Bottom of the 3rd over - 0 runs, 1 hit, 0 errors, 3 left on base; Cleveland (APP) 2 - Bluefield 0
TOP OF THE 4TH
Cleveland (APP) Indians batting - Pitching for Bluefield Blue Jays : LHP Mitchel Larson
Batting: RHB Kevin Trull 0-0: Called Strike
0-1: SOLO HOME RUN (Flyball, 7LD, EV 92.5 MPH), Distance : 345 ft
Batting: RHB Aaron Stout 0-0: Ball
1-0: Ball
2-0: Ball
3-0: Base on Balls
Batting: RHB Jonathan Livingston 0-0: Called Strike
0-1: Ball
1-1: Ball
2-1: Ball
3-1: Foul Ball, location: 2F
3-2: Foul Ball, location: 2F
3-2: Strikes out swinging
Batting: RHB Tsega Haida 0-0: Ball
Aaron Stout is caught stealing 2nd base 2-4
1-0: Ball
2-0: Ball
3-0: Called Strike
3-1: Swinging Strike
3-2: Ground out 5-3 (Groundball, 56S, EV 83.8 MPH)
Top of the 4th over - 1 run, 1 hit, 0 errors, 0 left on base; Cleveland (APP) 3 - Bluefield 0
BOTTOM OF THE 4TH
Bluefield Blue Jays batting - Pitching for Cleveland (APP) Indians : RHP Luke Burnham
Batting: LHB Eric Toney 0-0: Ball
1-0: Ball
2-0: Foul Ball, location: 2F
2-1: Called Strike
2-2: DOUBLE (Groundball, 5L, EV 107.5 MPH)
Batting: RHB Stephen Casteel 0-0: Ball
1-0: Called Strike
1-1: Ground out 3-1 (Groundball, 34, EV 92.5 MPH)
Eric Toney to third
Batting: RHB Mike Johnson 0-0: Hit by Pitch
Batting: RHB Bill Murray 0-0: Ball
Mike Johnson steals 2nd, throwing error, E2
Eric Toney scores
Mike Johnson to third
1-0: Fly out, F8 (Line Drive, 8LM, EV 102.5 MPH)
Batting: RHB Victor Ayala 0-0: Called Strike
0-1: Ball
1-1: Ball
2-1: Ball
3-1: Base on Balls
Batting: LHB Kurt Estep 0-0: Ball
1-0: Ball
2-0: Ball
3-0: Called Strike
3-1: Foul Ball, location: 2F
3-2: Foul Ball, location: 2F
3-2: Foul Ball, location: 2F
3-2: Fly out, F8 (Flyball, 78M, EV 90.0 MPH)
Bottom of the 4th over - 1 run, 1 hit, 1 error, 2 left on base; Cleveland (APP) 3 - Bluefield 1
TOP OF THE 5TH
Cleveland (APP) Indians batting - Pitching for Bluefield Blue Jays : LHP Mitchel Larson
Batting: RHB Jose Argueta 0-0: Called Strike
0-1: Ball
1-1: Foul Ball, location: 2F
1-2: Strikes out swinging
Batting: RHB Bill Ortiz 0-0: Called Strike
0-1: Foul Ball, location: 2F
0-2: Ball
1-2: Ball
2-2: Ball
3-2: Foul Ball, location: 2F
3-2: Strikes out swinging
Batting: RHB Nick Gossman 0-0: Ball
1-0: Foul Ball, location: 2F
1-1: Ball
2-1: Ball
3-1: Foul Ball, location: 2F
3-2: Base on Balls
Batting: RHB Joe Shade 0-0: Ball
1-0: Foul Ball, location: 2F
1-1: Ball
2-1: Called Strike
2-2: Ball
3-2: Strikes out swinging
Top of the 5th over - 0 runs, 0 hits, 0 errors, 1 left on base; Cleveland (APP) 3 - Bluefield 1
BOTTOM OF THE 5TH
Bluefield Blue Jays batting - Pitching for Cleveland (APP) Indians : RHP Luke Burnham
Batting: RHB John Hering 0-0: Called Strike
0-1: Foul Ball, location: 2F
0-2: Ball
1-2: Ball
2-2: Ball
3-2: Ground out 6-3 (Groundball, 6, EV 85.6 MPH)
Batting: SHB Dominik Hasek II 0-0: Called Strike
0-1: Ball
1-1: Ball
2-1: Ball
3-1: Base on Balls
Batting: RHB Shunsuke Shiba Inu 0-0: Ball
Dominik Hasek II steals 2nd base
1-0: Ball
2-0: Called Strike
2-1: Ball
3-1: Base on Balls
Batting: LHB Eric Toney 0-0: Ball
1-0: Ball
2-0: Called Strike
2-1: Called Strike
Dominik Hasek II steals 3rd base
Shunsuke Shiba Inu to second
2-2: Fly out, F8 (Flyball, 8RD, EV 90.0 MPH)
Runner from 3rd tags up, SCORES, no throw by CF
Batting: RHB Stephen Casteel 0-0: Ground out 2-3 (Groundball, 15S, EV 72.5 MPH)
Bottom of the 5th over - 1 run, 0 hits, 0 errors, 1 left on base; Cleveland (APP) 3 - Bluefield 2
TOP OF THE 6TH
Cleveland (APP) Indians batting - Pitching for Bluefield Blue Jays : LHP Mitchel Larson
Pitching: RHP Steve Schultz
Batting: RHB Justin Teague 0-0: Ball
1-0: Ball
2-0: Ball
3-0: Base on Balls
Batting: RHB Kevin Trull 0-0: Foul Ball, location: 2F
0-1: Called Strike
0-2: Strikes out swinging
Batting: RHB Aaron Stout 0-0: Ball
1-0: Swinging Strike
1-1: SINGLE (Line Drive, 34D, EV 97.5 MPH)
Justin Teague to second
Runner from 2nd tries for 3rd, OUT! 9-5
Batting: RHB Jonathan Livingston 0-0: Ball
Aaron Stout steals 2nd base
1-0: Fly out, F9 (Line Drive, 9, EV 95.6 MPH)
Top of the 6th over - 0 runs, 1 hit, 0 errors, 1 left on base; Cleveland (APP) 3 - Bluefield 2
BOTTOM OF THE 6TH
Bluefield Blue Jays batting - Pitching for Cleveland (APP) Indians : RHP Luke Burnham
Batting: RHB Mike Johnson 0-0: Ball
1-0: Called Strike
1-1: Foul Ball, location: 2F
1-2: SINGLE (Groundball, 6MD, EV 111.2 MPH)
Batting: RHB Bill Murray 0-0: Ball
1-0: Swinging Strike
1-1: Ball
2-1: Ball
3-1: Fielders Choice at 2nd, 6-4 (Groundball, 6, EV 82.5 MPH)
Pitching: RHP Santiago Chavira
Batting: RHB Victor Ayala 0-0: Called Strike
Bill Murray steals 2nd base
0-1: Foul Ball, location: 2F
0-2: Ground out 6-3 (Groundball, 6, EV 103.1 MPH)
Batting: LHB Kurt Estep 0-0: Called Strike
0-1: Fly out, F4 (Popup, 4D, EV 71.9 MPH)
Bottom of the 6th over - 0 runs, 1 hit, 0 errors, 1 left on base; Cleveland (APP) 3 - Bluefield 2
TOP OF THE 7TH
Cleveland (APP) Indians batting - Pitching for Bluefield Blue Jays : RHP Steve Schultz
Now at 3B: Lothar Middelkoop
Batting: RHB Tsega Haida 0-0: Ball
1-0: Ground out 6-3 (Groundball, 56, EV 90.6 MPH)
Batting: RHB Jose Argueta 0-0: Called Strike
0-1: Ground out U3 (Groundball, 3, EV 84.4 MPH)
Batting: RHB Bill Ortiz 0-0: Foul Ball, location: 2F
0-1: Ground out 6-3 (Groundball, 6, EV 85.6 MPH)
Top of the 7th over - 0 runs, 0 hits, 0 errors, 0 left on base; Cleveland (APP) 3 - Bluefield 2
BOTTOM OF THE 7TH
Bluefield Blue Jays batting - Pitching for Cleveland (APP) Indians : RHP Santiago Chavira
Batting: RHB John Hering 0-0: Foul Ball, location: 2F
0-1: Foul Ball, location: 2F
0-2: Foul Ball, location: 2F
0-2: Ball
1-2: Hit by Pitch
Batting: SHB Dominik Hasek II 0-0: Called Strike
0-1: Bunt missed!
0-2: Ball
1-2: Strikes out looking
Batting: RHB Shunsuke Shiba Inu 0-0: Foul Ball, location: 2F
0-1: Ball
1-1: Ball
2-1: 2-RUN HOME RUN (Flyball, 7D, EV 96.2 MPH), Distance : 381 ft
Batting: LHB Eric Toney 0-0: Ball
1-0: Ball
2-0: Fly out, F7 (Flyball, 78S, EV 88.8 MPH)
Batting: RHB Stephen Casteel 0-0: Ball
1-0: Called Strike
1-1: Ball
2-1: Ball
3-1: Base on Balls
Batting: LHB Lothar Middelkoop 0-0: Ball
1-0: Fly out, F4 (Line Drive, 4, EV 63.8 MPH)
Bottom of the 7th over - 2 runs, 1 hit, 0 errors, 1 left on base; Cleveland (APP) 3 - Bluefield 4
TOP OF THE 8TH
Cleveland (APP) Indians batting - Pitching for Bluefield Blue Jays : RHP Steve Schultz
Batting: RHB Nick Gossman 0-0: Called Strike
0-1: Ground out 6-3 (Groundball, 6, EV 103.8 MPH)
Pinch Hitting: LHB Alberto Chavez 0-0: Called Strike
0-1: Swinging Strike
0-2: Foul Ball, location: 2F
0-2: Foul Ball, location: 2F
0-2: Strikes out looking
Batting: RHB Justin Teague 0-0: Called Strike
0-1: Foul Ball, location: 2F
0-2: Ball
1-2: Strikes out swinging
Top of the 8th over - 0 runs, 0 hits, 0 errors, 0 left on base; Cleveland (APP) 3 - Bluefield 4
BOTTOM OF THE 8TH
Bluefield Blue Jays batting - Pitching for Cleveland (APP) Indians : RHP Santiago Chavira
Now at 3B: Carlos Manriquez
Batting: RHB Bill Murray 0-0: Foul Ball, location: 2F
0-1: Ball
1-1: Ball
2-1: Ball
3-1: Base on Balls
Batting: RHB Victor Ayala 0-0: Ball
Bill Murray steals 2nd, throwing error, E2
Bill Murray to third
1-0: Called Strike
1-1: Swinging Strike
Balk!
Bill Murray scores
1-2: SOLO HOME RUN (Flyball, 78XD, EV 110.0 MPH), Distance : 418 ft
Batting: LHB Kurt Estep 0-0: Ball
1-0: Swinging Strike
1-1: Fly out, F7 (Flyball, 7, EV 91.2 MPH)
Batting: RHB John Hering 0-0: Called Strike
0-1: Ball
1-1: Ball
2-1: Fly out, F7 (Flyball, 78D, EV 100.6 MPH)
Batting: SHB Dominik Hasek II 0-0: Called Strike
0-1: Called Strike
0-2: Strikes out swinging
Bottom of the 8th over - 2 runs, 1 hit, 1 error, 0 left on base; Cleveland (APP) 3 - Bluefield 6
TOP OF THE 9TH
Cleveland (APP) Indians batting - Pitching for Bluefield Blue Jays : RHP Steve Schultz
Pitching: RHP Oswaldo Vasquez
Now at 1B: Braydon Pinsent
Batting: RHB Kevin Trull 0-0: Foul Ball, location: 2F
0-1: Ball
1-1: Ball
2-1: Swinging Strike
2-2: Foul Ball, location: 2F
2-2: Ground out 1-3 (Groundball, 13S, EV 66.9 MPH)
Batting: RHB Aaron Stout 0-0: Called Strike
0-1: Ball
1-1: Ground out 3-1 (Groundball, 34, EV 89.4 MPH)
Batting: RHB Jonathan Livingston 0-0: Called Strike
0-1: Swinging Strike
0-2: Ball
1-2: Ball
2-2: Ball
3-2: Strikes out swinging
Top of the 9th over - 0 runs, 0 hits, 0 errors, 0 left on base; Cleveland (APP) 3 - Bluefield 6
Tuesday, September 13th , 2022 - OOTP Baseball 23.7 Build 88